 Dungeon Crawl Stone Soup version 0.29.1-13-g9f3cf754e1 (webtiles) character file.

Game seed: 5543170917725962162

609 bjubeck the Cleaver (level 7, 0/63 HPs)
             Began as a Hill Orc Berserker on Jan 27, 2023.
             Was a Priest of Trog.
             Slain by a centaur (3 damage)
             ... on level 5 of the Dungeon on Jan 29, 2023.
             The game lasted 00:27:22 (3573 turns).

bjubeck the Cleaver (Hill Orc Berserker)            Turns: 3573, Time: 00:27:22

Health: 0/63       AC: 10    Str: 25    XL:     7   Next: 43%
Magic:  7/7        EV: 12    Int: 11    God:    Trog [***...]
Gold:   384        SH:  3    Dex: 10    Spells: 6/6 levels left

rFire   . . .      SeeInvis .   a - +0 hand axe
rCold   . . .      Faith    .   A - +0 buckler of Leapfrog {Str+3 Int+4}
rNeg    . . .      Spirit   .   g - +0 chain mail
rPois   +          Reflect  .   (no helmet)
rElec   .          Harm     .   (no cloak)
rCorr   .          Rampage  .   B - +0 pair of gloves
Will    ++...                   (no boots)
Stlth   ..........              (no amulet)
HPRegen 1.20/turn               d - ring of poison resistance
MPRegen 0.10/turn               i - +4 ring of evasion

@: strong-willed, on berserk cooldown, regenerating, slowed, very slow
A: no striking features
a: Renounce Religion, Berserk, Trog's Hand


You were on level 5 of the Dungeon.
You worshipped Trog.
Trog was most pleased with you.
You visited 1 branch of the dungeon, and saw 5 of its levels.

You collected 384 gold pieces.

Inventory:

Hand Weapons
 a - a +0 hand axe (weapon)
Armour
 b - a +0 animal skin
 g - a +0 chain mail (worn)
 A - the +0 buckler of Leapfrog (worn) {Str+3 Int+4}
   (You found it on level 4 of the Dungeon)

   Str:       It affects your strength (+3).
   Int:       It affects your intelligence (+4).
 B - a +0 pair of gloves (worn)
Jewellery
 d - a ring of poison resistance (left hand)
 i - a +4 ring of evasion (right hand)
 w - a ring of fire
Wands
 o - a wand of digging (2)
 x - a wand of roots (10)
Scrolls
 c - 5 scrolls of identify {unknown}
 e - a scroll of immolation {unknown}
 h - a scroll of enchant weapon {unknown}
 j - 3 scrolls of teleportation {unknown}
 q - a scroll of fear {unknown}
 s - a scroll of poison {unknown}
 u - a scroll of vulnerability {unknown}
 y - a scroll of noise {unknown}
Potions
 f - a potion of invisibility {unknown}
 k - a potion of cancellation {unknown}
 l - a potion of curing {unknown}
 m - 2 potions of mutation {unknown}
 n - a potion of lignification {unknown}
 p - a potion of haste {unknown}
 r - a potion of heal wounds {unknown}
 t - a potion of magic {unknown}
 v - a potion of brilliance {unknown}
 z - a potion of ambrosia {unknown}


   Skills:
 * Level 6.0 Fighting
 + Level 8.0 Axes
 * Level 4.1 Armour
 - Level 2.0 Dodging
 * Level 1.6 Shields


You had 6 spell levels left.
You didn't know any spells.
Your spell library contained the following spells:

 Spells                   Type           Power      Damage    Failure   Level
 Ensorcelled Hibernation  Hex/Ice        0%         N/A       99%         2
 Passwall                 Tmut/Erth      0%         N/A       99%         2
 Swiftness                Air            0%         N/A       100%        3


Dungeon Overview and Level Annotations

Branches:
Dungeon (5/15)             Temple (0/1) D:5

Altars:
Vehumet
The Shining One

Shops:
D:2 ([   D:4 ?


Message History

The centaur shoots an arrow.
The arrow hits you!
* * * LOW HITPOINT WARNING * * *
Unknown command.
A red film seems to cover your vision as you go berserk!
You feel yourself moving faster!
You feel mighty!
You feel a strong urge to attack something.
The centaur shoots an arrow.
The arrow hits you but does no damage.
You feel your anger nearly subside.
You are no longer berserk.
You are exhausted.
You feel yourself slow down.
The centaur unwields a +0 shortbow.
The centaur hits you but does no damage.
You block the centaur's attack. The iguana bites you.
* * * LOW HITPOINT WARNING * * *
You hit the iguana but do no damage. You barely miss the centaur.
The centaur completely misses you.
The centaur kicks you but does no damage.
The centaur hits you but does no damage.
The centaur barely misses you. You block the iguana's attack.
You closely miss the iguana. You hit the centaur but do no damage.
The centaur hits you.
* * * LOW HITPOINT WARNING * * *
The centaur misses you. The iguana barely misses you.
The centaur closely misses you.
The centaur kicks you but does no damage.
You hit the iguana.
The iguana is lightly wounded.
You hit the centaur but do no damage.
The centaur hits you but does no damage.
The centaur kicks you but does no damage.
The iguana misses you.
The centaur hits you but does no damage.
The centaur kicks you but does no damage.
The iguana bites you.
* * * LOW HITPOINT WARNING * * *
You closely miss the iguana.
The iguana is lightly wounded.
You hit the centaur but do no damage.
The centaur hits you but does no damage.
The centaur kicks you.
You die...

## ...##...##......##†.
#. #.##...##......†...
.###............#.##..
#....#.......#....####
####.###...#..#....###
#....................
#..........#..###...#.
#.............# ..... .
##.....wl@.....#.......
#### ##.......c......#
.....##..............##
.wlcl.....#.......#..#
.....##.....#######..#
........##### #..#
.....#### #..# ....
...# ... ..##


You could see a centaur, a worm and an iguana.

Vanquished Creatures
  An ice beast (D:4)
  A black bear (D:5)
  An ogre (D:5)
  2 hounds (D:5)
  2 jellies (D:4)
  2 iguanas (D:5)
  2 orc wizards (D:3)
  An adder (D:2)
  A shadow imp (D:5)
  A worm (D:3)
  A dart slug (D:2)
  12 orcs
  5 bats
  8 endoplasms
  3 giant cockroaches
  6 goblins
  9 hobgoblins
  4 jackals
  5 kobolds
  A quokka (D:4)
  10 ball pythons
  5 frilled lizards
  8 rats
91 creatures vanquished.

Vanquished Creatures (others)
  3 fungi (D:1)
  3 plants (D:1)
6 creatures vanquished.

Grand Total: 97 creatures vanquished

Notes
Turn   | Place    | Note
-------+----------+-------------------------------------------
     0 | D:1      | bjubeck the Hill Orc Berserker began the quest for the Orb.
     0 | D:1      | Reached XP level 1. HP: 19/19 MP: 1/1
   110 | D:1      | Reached XP level 2. HP: 4/27 MP: 2/2
   787 | D:1      | Reached XP level 3. HP: 33/33 MP: 3/3
   793 | D:1      | Reached ** piety under Trog
   995 | D:1      | Found a faded altar of an unknown god.
  1019 | D:1      | You fall into a shaft and drop 1 floor!
  1052 | D:2      | Reached skill level 5 in Axes
  1236 | D:2      | Found Cuodyrch's Weapon Shoppe.
  1662 | D:2      | Found Bukat's Armour Emporium.
  1741 | D:2      | Reached XP level 4. HP: 34/40 MP: 4/4
  2236 | D:3      | Reached *** piety under Trog
  2237 | D:3      | Reached XP level 5. HP: 14/47 MP: 5/5
  2464 | D:3      | Reached skill level 6 in Axes
  2828 | D:4      | Reached skill level 5 in Fighting
  2841 | D:4      | Noticed an ice beast
  2869 | D:4      | Killed an ice beast
  2870 | D:4      | Reached XP level 6. HP: 32/56 MP: 6/6
  2878 | D:4      | Found Famp's Magic Scroll Shop.
  2938 | D:4      | Reached skill level 7 in Axes
  3042 | D:4      | Identified the +0 buckler of Leapfrog {Str+3 Int+4}
  3211 | D:5      | Entered Level 5 of the Dungeon
  3261 | D:5      | Noticed a black bear
  3262 | D:5      | Reached skill level 1 in Shields
  3262 | D:5      | Reached XP level 7. HP: 57/62 MP: 7/7
  3348 | D:5      | Found a glowing golden altar of the Shining One.
  3464 | D:5      | Found a radiant altar of Vehumet.
  3471 | D:5      | Found a staircase to the Ecumenical Temple.
  3509 | D:5      | Reached skill level 8 in Axes
  3572 | D:5      | HP: 1/63 [iguana (6)]
  3573 | D:5      | Slain by a centaur

Illustrated notes

Levels and vault maps discovered:
D:1:      dpeg_arrival_tiny_k, layout_basic, dreamdust_ecumenical_altar_grove
D:2:      layout_basic, serial_shops, nicolae_shop_window_shopping,
          shop_scrolls, nicolae_shop_bloodbath_and_beyond,
          nicolae_shop_statue_plus, chequers_decorated_corner, st_stairs_11
D:3:      layout_basic, minmay_bisected
D:4:      layout_loops_ring, general_overflow_altar, serial_rivers,
          chequers_serial_rivers_small_a, chequers_serial_rivers_large_b,
          chequers_serial_rivers_marsh, chequers_serial_rivers_micro_e,
          chequers_serial_rivers_micro_e, chequers_serial_rivers_small_b,
          serial_shops, shop
D:5:      layout_rooms, amcnicky_altar_gilded, mainiacjoe_overflow_alcove_1,
          minmay_temple_entry_stoned_glass

Skill      XL: |  1  2  3  4  5  6  7 |
---------------+----------------------+-----
Fighting       | 4 5 6 |  6.0
Axes           | 5 6 7 8 |  8.0
Armour         | 3 4 |  4.1
Dodging        | 2 |  2.0
Shields        | 1 |  1.6

Action                   |  1- 3 |  4- 6 |  7- 9 || total
-------------------------+-------+-------+-------++-------
Melee: Hand axe          |   141 |   138 |    44 ||   323
Invok: Berserk           |       |     2 |     1 ||     3
       Trog's Hand       |       |       |     1 ||     1
Armor: Animal skin       |    24 |     5 |       ||    29
       Chain mail        |       |    24 |    23 ||    47
Dodge: Dodged            |    94 |    66 |    39 ||   199
Block: Buckler           |       |     1 |     7 ||     8
